Map: Submarine LE

Players

ViBE - Winner!

  • Race: Terran Terran
  • League: Platinum
  • Spawn Location: 11:00

HongSheng

  • Race: Terran Terran
  • League: Diamond
  • Spawn Location: 5:00

VOD

Have the link to the VOD?

Description

Time

  • Played on: April 3, 2021, 10:15 p.m.
  • Length: 13:45
Show
View Real Time Build Order
Export as new Build Order

ViBE Terran - Winner!

Build Orders:  

Get SALT Encoding   

  12  0:00  SCV  
  13  0:12  SCV  
  14  0:18  Supply Depot  
  14  0:24  SCV  
  15  0:39  SCV  
  15  0:42  Barracks  
  16  0:46  Refinery  
  16  0:51  SCV  
  17  1:03  SCV  
  18  1:15  SCV  
  19  1:29  Orbital Command  
  19  1:30  Marine  
  20  1:40  Command Center  
  20  1:51  Marine  
  21  1:54  Supply Depot  
  21  1:55  SCV  
  22  2:09  SCV  
  22  2:13  Barracks Reactor  
  23  2:17  Factory  
  23  2:21  SCV  
  24  2:33  SCV  
  25  2:45  SCV  
  25  2:51  Marine x2  
  26  2:53  Orbital Command  
  26  2:58  SCV  
  29  3:03  Refinery, Barracks, Factory Tech Lab  
  29  3:10  Marine  
  29  3:11  Marine  
  31  3:14  SCV  
  32  3:20  SCV  
  32  3:25  Siege Tank  
  36  3:28  Marine x2  
  36  3:31  SCV  
  39  3:39  SCV  
  40  3:43  SCV  
  41  3:52  SCV  
  41  3:53  Barracks Tech Lab  
  41  3:55  SCV, Starport  
  43  3:58  Command Center  
  43  3:59  Marine  
  43  4:00  Marine  
  45  4:03  Supply Depot  
  45  4:04  SCV, Supply Depot  
  45  4:07  Supply Depot  
  46  4:25  Marine x3, SCV x2, Siege Tank  
  54  4:33  Starport Reactor  
  54  4:38  SCV x2  
  54  4:42  Marine x3  
  54  4:43  Supply Depot  
  59  5:00  Marine x3, Supply Depot x2  
  59  5:03  Siege Tank  
  59  5:04  SCV x2  
  67  5:10  Orbital Command  
  67  5:16  SCV x2, Medivac  
  67  5:17  Medivac  
  67  5:18  Marine x2  
  75  5:23  Refinery  
  75  5:24  Refinery  
  75  5:28  SCV x2  
  75  5:30  Orbital Command, Engineering Bay  
  75  5:32  Engineering Bay, Stimpack  
  77  5:40  SCV x2  
  77  5:42  Marine x3  
  81  5:47  Supply Depot x2  
  82  5:52  SCV, Medivac  
  82  5:53  SCV  
  86  6:00  Marine x3  
  86  6:01  SCV  
  90  6:04  SCV  
  90  6:05  SCV  
  92  6:14  SCV  
  92  6:17  SCV x2  
  92  6:18  Marine x3  
  97  6:21  Terran Infantry Armor Level 1, Terran Infantry Weapons Level 1  
  98  6:28  Barracks x2  
  98  6:30  SCV x2  
  98  6:31  SCV, Barracks x2  
  101  6:35  Marine  
  101  6:36  Marine  
  103  6:41  Marine  
  103  6:45  SCV  
  101  6:53  Marine x2  
  97  6:56  SCV x2  
  97  6:57  SCV  
  97  6:58  Marine  
  97  6:59  Armory  
  97  7:00  Medivac x2  
  105  7:06  Command Center  
  105  7:08  SCV x2  
  105  7:10  SCV  
  105  7:11  Marine x2  
  107  7:20  SCV x2  
  107  7:22  SCV  
  105  7:24  Refinery  
  105  7:25  Refinery, Barracks Reactor  
  105  7:26  Barracks Reactor x3, Marine  
  105  7:29  Marine x2  
  108  7:35  Supply Depot  
  108  7:36  Supply Depot  
  108  7:37  Supply Depot, Medivac x2, SCV  
  110  7:38  SCV x2  
  110  7:43  Supply Depot  
  115  7:44  Marine  
  115  7:45  Supply Depot  
  115  7:49  SCV  
  115  7:50  SCV x2  
  119  7:53  Marine x2  
  119  7:56  Thor  
  127  7:59  Combat Shield  
  127  8:02  Marine  
  128  8:11  Marine x2  
  130  8:13  SCV x2  
  132  8:20  Marine x9  
  132  8:23  Medivac x2  
  132  8:24  Command Center  
  145  8:28  Marine  
  145  8:29  Marine, SCV  
  145  8:30  SCV x2  
  150  8:38  Marine x3  
  150  8:39  Thor, Terran Vehicle Weapons Level 1  
  150  8:40  Marine x2  
  150  8:41  Marine x4, Supply Depot  
  165  8:44  Supply Depot  
  165  8:46  Marine  
  165  8:47  Marine  
  167  8:51  Planetary Fortress  
  167  8:55  Marine, SCV x3  
  170  8:56  Marine x2  
  170  8:58  Marine x6  
  170  9:02  Supply Depot x2  
  179  9:15  Marine x5  
  179  9:16  Marine x6, Medivac  
  190  9:22  Thor  
  195  9:30  SCV x3  
  195  9:31  SCV  
  193  9:32  Marine  
  193  9:34  Terran Infantry Armor Level 2, Terran Infantry Weapons Level 2  
  193  9:37  Marine x6  
  193  9:38  Marine x4  
  194  9:42  SCV  
  194  9:43  SCV  
  194  9:44  SCV  
  199  9:54  SCV  
  199  10:10  Barracks  
  199  10:12  Barracks  
  199  10:13  Barracks x2  
  199  10:23  Starport, Factory  
  199  10:24  Barracks x2, Command Center  
  199  10:27  Barracks  
  199  10:29  Barracks  
  199  10:30  Barracks  
  199  10:32  Barracks  
  199  11:02  Barracks Tech Lab  
  199  11:03  Barracks Tech Lab  
  199  11:04  Barracks Tech Lab x2  
  197  11:07  Starport Reactor  
  197  11:08  Factory Tech Lab  
  197  11:10  Marine x4  
  197  11:11  Marine x3  
  192  11:12  Marauder  
  192  11:14  Barracks Reactor x2  
  192  11:15  Barracks Reactor  
  192  11:17  Barracks Reactor x2  
  180  11:18  Barracks Reactor  
  180  11:20  Thor  
  180  11:21  Medivac x2  
  180  11:23  Marauder x4  
  180  11:24  Marine  
  180  11:25  Marine x2  
  194  11:27  Planetary Fortress  
  194  11:28  Marine x3  
  197  11:38  Planetary Fortress  
  176  11:47  Marauder  
  176  11:48  Marine x10, Marauder x4  
  176  11:49  Thor  
  176  11:52  Medivac  
  176  11:53  Medivac x2  
  200  12:06  Marine  
  200  12:08  Marine x10  
  185  12:09  Marauder  
  184  12:16  Marine x10  
  184  12:19  Marauder  
  184  12:20  Marauder  
  184  12:21  Marauder  
  188  12:37  Marauder  
  188  12:38  Marauder  
  188  12:39  Marine x7  
  188  12:40  Marine  
Show
View Real Time Build Order
Export as new Build Order

HongSheng Terran 

Build Orders:  

Get SALT Encoding   

  12  0:03  SCV  
  13  0:13  Supply Depot  
  13  0:17  SCV  
  14  0:29  SCV  
  15  0:37  Barracks  
  15  0:42  SCV  
  16  0:47  Refinery  
  16  0:54  SCV  
  17  1:06  SCV  
  18  1:18  SCV  
  19  1:21  Refinery  
  19  1:26  Supply Depot  
  19  1:29  Reaper  
  19  1:30  SCV  
  21  1:42  SCV  
  22  1:54  SCV  
  22  1:58  Command Center  
  23  2:09  Factory  
  23  2:12  SCV  
  24  2:24  SCV  
  25  2:35  Marine  
  26  2:37  Orbital Command  
  26  2:54  Factory Tech Lab  
  26  2:55  Marine, Starport  
  27  3:06  SCV  
  28  3:19  Siege Tank, Engineering Bay  
  31  3:22  SCV  
  31  3:41  SCV  
  31  3:42  SCV  
  33  3:50  Barracks Reactor  
  33  3:53  SCV  
  33  3:54  SCV  
  33  3:55  Fusion Core  
  35  3:59  Supply Depot  
  35  4:04  Starport Tech Lab  
  35  4:05  Siege Tank  
  35  4:06  SCV x2  
  40  4:10  Refinery  
  40  4:20  Barracks  
  40  4:31  SCV x2  
  42  4:36  Barracks Reactor  
  42  4:38  Medivac x2  
  46  4:43  Supply Depot, SCV x2  
  48  4:59  Refinery, SCV  
  49  5:01  SCV  
  49  5:03  Command Center  
  50  5:07  Barracks  
  50  5:14  Armory  
  50  5:17  SCV  
  50  5:20  Orbital Command  
  51  5:26  Barracks Tech Lab  
  51  5:29  Viking, SCV  
  51  5:32  Viking  
  56  5:41  SCV  
  57  5:43  Siege Tank  
  60  6:02  Viking  
  62  6:06  Factory  
  62  6:14  SCV x2  
  62  6:15  Terran Vehicle And Ship Armor Level 1  
  62  6:17  Barracks Reactor, Orbital Command  
  64  6:25  Supply Depot  
  64  6:26  SCV x2  
  66  6:38  Barracks Reactor, SCV  
  63  6:51  Siege Tank x2  
  62  7:10  Marine x2  
  62  7:11  Marine x2  
  65  7:18  Marine x2  
  65  7:19  SCV x2  
  69  7:28  Orbital Command  
  68  7:31  SCV x2  
  70  7:41  Supply Depot  
  70  7:42  Supply Depot  
  70  7:43  SCV  
  71  7:49  Marine  
  71  7:50  Marine  
  73  7:55  SCV  
  73  7:56  Weapon Refit, Starport  
  74  8:01  SCV x2  
  76  8:07  SCV  
  76  8:10  Marine x4  
  76  8:11  Marine x2  
  83  8:13  SCV  
  83  8:18  SCV  
  83  8:19  SCV  
  86  8:39  Medivac x2  
  96  8:42  SCV  
  96  8:43  SCV x2  
  99  8:55  SCV x2  
  101  8:58  Refinery, Missile Turret  
  101  9:03  Missile Turret  
  101  9:07  Supply Depot  
  101  9:23  Command Center, Missile Turret  
  101  9:28  Marine x4  
  101  9:29  Marine, Supply Depot, Widow Mine x2  
  80  9:40  Marine  
  81  9:46  Marine x2  
  81  9:47  Medivac x3  
  81  9:50  Siege Tank x2  
  81  9:51  Factory  
  95  9:53  Supply Depot  
  95  9:55  Drilling Claws  
  95  9:57  SCV x3  
  98  10:01  Refinery  
  98  10:09  SCV  
  99  10:15  Factory  
  99  10:16  Supply Depot  
  99  10:21  Liberator  
  99  10:22  Siege Tank x2  
  99  10:25  Liberator  
  111  10:28  Terran Vehicle And Ship Armor Level 2  
  111  10:30  SCV x3  
  114  10:42  SCV x2  
  116  10:44  Liberator  
  119  10:50  Sensor Tower  
  119  10:53  Factory Reactor  
  119  10:55  Siege Tank x2  
  120  11:07  Marine  
  120  11:11  Marine x2, Widow Mine  
  77  11:28  Widow Mine  
  74  11:34  Marine, Widow Mine x4  
  74  11:35  Marine x3  
  60  11:49  Widow Mine  
  57  11:55  Siege Tank  
  53  12:10  Siege Tank  
  53  12:13  Orbital Command  
  49  12:27  Siege Tank  
  52  12:31  Widow Mine x2, Factory Reactor  
  53  12:40  SCV  
  54  12:49  Command Center  
  54  12:51  Siege Tank  
  57  12:52  Marine, SCV  
  57  12:53  Marine x3  
  57  12:57  Refinery  
  62  13:01  Refinery  
  62  13:04  SCV  
  63  13:10  Marine  
  64  13:16  SCV  
  58  13:21  Command Center  
  43  13:29  SCV  
Tags
 
Matchup
TvT
Player
ViBE
Race
Terran
Replay Pack
Platinum_League
Spawn Locations
Cross Positions
Add a new tag
Caveats
  • Supply blocks, unpowered buildings, or Contaminate may cause inaccurate times.
  • Supply counts are checked every 10 seconds.